 Dungeon Crawl Stone Soup version 0.31-a0-750-gfe7b580527 (webtiles) character file.

Game seed: 5192365437514264950

195 cforsyth the Sneak (level 6, 0/47 HPs)
             Began as a Djinni Delver on Sept 14, 2023.
             Killed from afar by an orc wizard (8 damage)
             ... with a magic dart
             ... on level 3 of the Dungeon.
             The game lasted 00:05:24 (1483 turns).

cforsyth the Sneak (Djinni Delver)                  Turns: 1483, Time: 00:05:24

Health: 0/47       AC:  3    Str: 11    XL:     6   Next: 4%
Gold:   108        EV: 12    Int: 14    God:
                   SH:  0    Dex: 14

rFire   + + .        a - +0 falchion
rCold   x . .        (no shield)
rNeg    . . .        b - +0 leather armour
rPois   ∞            (no helmet)
rElec   .            (no cloak)
rCorr   .            (no gloves)
SInv    .            (boots unavailable)
Will    .....        (no amulet)
Stlth   +++          (no ring)
HPRegen 0.27/turn    (no ring)
MPRegen 0.00/turn

%: infuse magic (-1 HP)
@: flying
A: sickness immunity, fire resistance 2, cold vulnerability 1, float, innate
caster, HP casting, extra vitality 1
a: no special abilities


You were on level 3 of the Dungeon.
You visited 1 branch of the dungeon, and saw 3 of its levels.
You also visited: Sewer.

You collected 108 gold pieces.

Inventory:

Hand Weapons
 a - a +0 falchion (weapon)
Armour
 b - a +0 leather armour (worn)
Wands
 g - a wand of digging (3)
Scrolls
 c - a scroll of fog
 d - a scroll of revelation
 e - a scroll of teleportation {unknown}
Potions
 f - 3 potions of enlightenment
 h - 2 potions of heal wounds
 i - a potion of curing


   Skills:
 + Level 4.0 Fighting
 + Level 3.0 Long Blades
 + Level 3.6 Dodging
 + Level 4.8 Stealth


You knew the following spells:

 Your Spells              Type           Power      Damage    Failure   Level
a - Shock                 Conj/Air       0%         1d3       36%         1
b - Lesser Beckoning      Tloc           0%         N/A       50%         2
Your spell library was empty.

Dungeon Overview and Level Annotations

Branches:
Dungeon (5/15)              Sewer (visited)
 Temple: D:4-7

Altars:

Annotations:
D:5 Edmund, Grinder


Innate Abilities, Weirdness & Mutations

You are immune to sickness and miasma.
You are immune to poison.
Your flesh is very heat resistant. (rF++)
You are vulnerable to cold. (rC-)
You float through the air rather than walking.
You learn spells naturally, not from books.
Your magical power is your life essence.
You have superior vitality. (+4 MHP)


Message History

The orc is heavily wounded.
The orc closely misses you. The orc wizard casts a spell at you.
The magic dart hits you.
The zap misses the orc.
The orc hits you but does no damage. The orc wizard closely misses you.
The zap hits the orc but does no damage.
The orc is heavily wounded.
The orc hits you with a +0 short sword.
The orc wizard hits you with a +0 dagger.
You are too injured to fight recklessly!
You are too injured to fight recklessly!
Unknown command.
You hit the orc but do no damage.
The orc is heavily wounded.
The orc zaps a wand.
You resist with some effort.
The orc wizard hits you but does no damage.
You hit the orc.
You kill the orc!
The orc wizard barely misses you.
Your magical contamination has completely faded away.
Items here: )) / [ †.
You hit the orc wizard.
The orc wizard is moderately wounded.
The orc wizard casts a spell.
The orc wizard flickers and vanishes!
Deactivating autopickup; reactivate with Ctrl-A.
You closely miss something. Something hits you but does no damage.
Something hits you.
You barely miss something. Something hits you.
* * * LOW HITPOINT WARNING * * *
You completely miss something. Something hits you.
* * * LOW HITPOINT WARNING * * *
You hit something but do no damage. Something hits you.
* * * LOW HITPOINT WARNING * * *
You miss something. You punch something.
You hear some strange, mumbled words.
A magic dart appears from out of thin air!
The magic dart hits you!
You die...

#########.#
#######){[......#
....<..@#########
#########


There were no monsters in sight!

Vanquished Creatures
  A kobold brigand (Sewer)
  A hound (D:3)
  3 adders
  4 river rats (Sewer)
  A worm (D:3)
  7 orcs
  A ball python (D:4)
  4 giant cockroaches (D:3)
  5 jackals
  A quokka (D:4)
  3 kobolds (Sewer)
  2 rats (Sewer)
33 creatures vanquished.

Notes
Turn   | Place    | Note
-------+----------+-------------------------------------------
     0 | D:5      | cforsyth the Djinni Delver began the quest for the Orb.
     0 | D:5      | Reached XP level 1. HP: 20/20 MP: 0/0
    30 | D:5      | Noticed a hound
   148 | D:5      | Noticed a gnoll bouda
   245 | D:4      | Noticed a scorpion
   245 | D:4      | Noticed an orc wizard
   271 | D:5      | Noticed Grinder
   332 | D:5      | Noticed Edmund
   374 | D:4      | Noticed a hound
   395 | D:3      | Killed a hound
   396 | D:3      | Reached XP level 2. HP: 6/25 MP: 0/0
   396 | D:3      | Reached XP level 3. HP: 8/30 MP: 0/0
   396 | D:3      | Learned a level 1 spell: Shock
   557 | D:3      | Found a glowing drain.
   589 | D:3      | Reached XP level 4. HP: 21/35 MP: 0/0
   601 | Sewer    | Entered a sewer
   853 | Sewer    | Noticed a kobold brigand
   865 | Sewer    | Reached XP level 5. HP: 26/41 MP: 0/0
   865 | Sewer    | Learned a level 2 spell: Lesser Beckoning
   936 | Sewer    | Killed a kobold brigand
  1037 | Sewer    | Found a white marble altar of Elyvilon.
  1322 | D:3      | Reached XP level 6. HP: 32/47 MP: 0/0
  1396 | D:4      | Paralysed by an orc for 5 turns
  1459 | D:4      | Paralysed by an orc for 3 turns
  1466 | D:4      | Paralysed by an orc for 3 turns
  1483 | D:3      | Killed from afar by an orc wizard

Illustrated notes

Levels and vault maps discovered:
D:3:      layout_loops_ring, gup_sewer_entry_glass, patterned_corridor,
          uniq_sigmund
D:4:      layout_cave_pools, bloody_trog, lemuel_round_altar,
          minmay_lizard_king, uniq_ijyb
D:5:      layout_basic, serial_co_window_serial, co_window_of_opportunity_a,
          co_window_paths_b, co_window_paths_b, co_window_paths_a,
          co_window_corner_a, co_window_unsneaky_path_e, co_window_broadway_b,
          co_window_2corner, co_window_corner_ca, co_window_2corner,
          co_window_corner_b, co_window_paths_e, glass_columns_a,
          glass_columns_a, glass_columns_b, uniq_grinder, uniq_edmund

Skill      XL: |  1  2  3  4  5 |
---------------+----------------+-----
Long Blades    | 2 3 |  3.0
Dodging        | 3 |  3.6
Fighting       | 4 |  4.0
Stealth        | |  4.8

Action                     |  1- 3 |  4- 6 || total
---------------------------+-------+-------++-------
  Melee: Falchion          |    29 |    50 ||    79
         Punch             |       |     1 ||     1
   Cast: Shock             |       |    67 ||    67
  Evoke: Wand              |     4 |     8 ||    12
    Use: Scroll            |     3 |       ||     3
         Potion            |       |     2 ||     2
 Armour: Leather armour    |    31 |    54 ||    85
  Dodge: Dodged            |    29 |    62 ||    91

Table legend: (Time is in decaauts)
 A = Elapsed time spent in this place.
 B = Non-inter-level travel time spent in this place.
 C = Inter-level travel time spent in this place.
 D = Time resting spent in this place.
 E = Time spent auto-exploring this place.
 F = Levels seen in this place.
 G = Mean time per level.
                   A        B        C        D        E       F      G
               +--------+--------+--------+--------+--------+-----+--------+
         Total |   1483 |   1456 |     27 |    123 |    577 |   4 |  370.8 |
       Dungeon |   1029 |   1002 |     27 |    123 |    290 |   3 |  343.0 |
         Sewer |    454 |    454 |      0 |      0 |    287 |   1 |  454.0 |
               +--------+--------+--------+--------+--------+-----+--------+

Top non-repeatable levels by time:
   Sewer: 454 daAuts
     D:3: 424 daAuts
     D:5: 365 daAuts
     D:4: 239 daAuts
